 Dungeon Crawl Stone Soup version 0.24-a0-417-g1cce26a (webtiles) character file.

Game seed: 7624802530051442492

10105 Deathlysoul the Blocker (level 11, -2/100 HPs)
             Began as a Minotaur Fighter on June 10, 2019.
             Was a High Priest of Okawaru.
             Slain by a troll (11 damage)
             ... on level 11 of the Dungeon.
             The game lasted 00:14:23 (12262 turns).

Deathlysoul the Blocker (Minotaur Fighter)         Turns: 12262, Time: 00:14:23

Health: -2/100     AC: 12    Str: 23    XL:     11   Next: 31%
Magic:  10/10      EV: 14    Int:  5    God:    Okawaru [*****.]
Gold:   642        SH: 15    Dex: 13    Spells: 10/10 levels left

rFire    . . .     SeeInvis .   a - +1 war axe
rCold    . . .     Gourm    .   c - +0 shield
rNeg     . . .     Faith    .   H - +0 scale mail {rPois}
rPois    +         Spirit   .   i - +2 hat
rElec    .         Reflect  +   p - +0 cloak
rCorr    .         Harm     .   (no gloves)
MR       +....                  (no boots)
Stlth    ..........             D - +3 amulet of reflection
HPRegen  0.26/turn              h - ring of protection from magic
MPRegen  0.12/turn              u - +2 ring of strength

@: studying Invocations
A: retaliatory headbutt, horns 2
a: Heroism, Finesse, Renounce Religion


You were on level 11 of the Dungeon.
You worshipped Okawaru.
Okawaru was extremely pleased with you.
You were not hungry.

You visited 2 branches of the dungeon, and saw 12 of its levels.
You also visited: Ossuary.

You collected 814 gold pieces.
You spent 172 gold pieces at shops.

Inventory:

Hand Weapons
 a - a +1 war axe (weapon)
Missiles
 F - 2 throwing nets (quivered)
Armour
 b - a +0 scale mail
 c - a +0 shield (worn)
 i - a +2 hat (worn)
 p - a +0 cloak (worn)
 H - a +0 scale mail of poison resistance (worn)
Jewellery
 h - a ring of protection from magic (left hand)
 u - a +2 ring of strength (right hand)
 D - a +3 amulet of reflection (around neck)
 L - an uncursed ring of positive energy {unknown}
 N - a +3 ring of dexterity {unknown}
Wands
 x - a wand of flame (34)
 E - a wand of enslavement (11)
 O - a wand of paralysis (8)
Scrolls
 e - 4 scrolls of remove curse
 g - 2 scrolls of fear
 n - 5 scrolls of amnesia
 r - 2 scrolls of blinking
 v - a scroll of magic mapping
 z - 2 scrolls of enchant weapon
 A - 5 scrolls of teleportation
 M - 6 scrolls of identify
Potions
 d - a potion of might
 j - 3 potions of curing {unknown}
 k - 4 potions of haste
 l - 4 potions of magic
 m - 6 potions of degeneration
 o - 2 potions of lignification
 q - 2 potions of flight
 s - 2 potions of heal wounds {unknown}
 w - a potion of mutation {unknown}
 B - a potion of berserk rage {unknown}
 J - a potion of agility {unknown}
 P - a potion of ambrosia {unknown}
Books
 y - a manual of Invocations
Comestibles
 f - 22 rations


   Skills:
 * Level 10.2 Fighting
 * Level 9.9 Axes
 * Level 10.3 Armour
 * Level 8.7 Dodging
 * Level 10.3 Shields


You had 10 spell levels left.
You didn't know any spells.
Your spell library contained the following spells:

 Spells                   Type           Power        Failure   Level  Hunger
 Irradiate                Conj/Tmut      #.........   100%        5    ######.
 Hydra Form               Tmut           #.........   100%        6    #######
 Statue Form              Tmut/Erth      #........    100%        6    #######
 Dragon Form              Tmut           #.........   100%        7    #######


Dungeon Overview and Level Annotations

Branches:
Dungeon (11/15)            Temple (1/1) D:6            Lair (0/6) D:11
    Orc (0/2) D:9

Altars:
Ashenzari
Cheibriados
Dithmenos
Elyvilon
Fedhas
Gozag
Hepliaklqana
Kikubaaqudgha
Nemelex Xobeh
Okawaru
Qazlal
Ru
Trog
Uskayaw
Vehumet
Wu Jian
Xom
Yredelemnul
Zin
The Shining One

Shops:
D:6 =

Annotations:
D:4 2 transporters, AtomicRavioli's ghost, amateur NaVM


Innate Abilities, Weirdness & Mutations

You reflexively headbutt those who attack you in melee.
You have a pair of horns on your head.


Message History

The troll is heavily wounded.
You hit the troll.
You block the troll's attack. x2; The troll claws you.
The troll bites you! The troll barely misses you. x2
A skeletal warrior comes into view. It is wielding a +0 war axe.
You slash the troll!
The troll is severely wounded.
You barely miss the troll. The troll bites you!
* * * LOW HITPOINT WARNING * * *
You block the troll's attack. x2; The troll bites you!
* * * LOW HITPOINT WARNING * * *
You block the troll's attack. The troll claws you but does no damage.
You block the troll's attack. The troll claws you!
* * * LOW HITPOINT WARNING * * *
The troll claws you but does no damage.
You hit the troll. Your headbutt misses the troll.
The troll is almost dead.
You hit the troll. You block the troll's attack. The troll claws you.
* * * LOW HITPOINT WARNING * * *
The troll barely misses you. The troll bites you!
You die...

≈≈≈,*,,,,,***,****,,,,,,,,.......
≈≈≈,,*,,,,* #.*********,*,..#>...
≈,,,*,,,,,* #.,,,,,,* *,*,,,#.##.
,*,*,****** #.*****,* *,*,,,#,*#.
*,*,*,* #.*###*,* *,*,,,*,*#.
************#.,..#*,* *,*,,,*,*##
*,,,,,,,#.*#.#*,***,,,,,,,***
*****,*****,#.##)##.#,,,,,,,,,,,,
,,,,,,*****,#.<.@T..#,,,,,,,*,**#
*****,,..........T......,,,,*,***
*,*####.####.###.z#.*,,,,,,,*
*,,,,..,* #...,,...,,,,*,*,*
****##*** #..##,,,#,,,,,,,,,
#..#*,,,,,,,,***,*
#...,,..,,...###.*
##.##.#.###...)..*
*,,,,.........#**


You could see a skeletal warrior and 2 trolls.

Vanquished Creatures
  Harold (D:7)
  A two-headed ogre (D:10)
  A centaur zombie (D:11)
  Joseph (D:7)
  A gargoyle (D:11)
  A komodo dragon (D:11)
  A hornet (D:9)
  3 hippogriffs
  A wraith (D:10)
  Eustachio (D:6)
  6 yaks (D:10)
  Duvessa (D:5)
  A water moccasin (D:7)
  A porcupine (D:11)
  A black bear (D:8)
  5 orc warriors
  A hornet zombie (D:9)
  A sky beast (D:6)
  2 phantoms
  4 centaurs
  7 ogres
  A crocodile (D:10)
  A big kobold (D:10)
  3 bullfrogs
  An elf zombie (Ossuary)
  6 scorpions
  Dowan (D:5)
  5 howler monkeys (D:8)
  3 wights (D:6)
  2 crimson imps
  A gnoll shaman (D:9)
  7 hounds
  3 centaur skeletons
  4 jellies
  8 orc priests
  3 bullfrog skeletons
  A human zombie (Ossuary)
  5 iguanas
  Natasha (thrice) (D:4)
  11 orc wizards
  8 worker ants
  4 big kobold zombies (Ossuary)
  A hound zombie (D:3)
  3 hound skeletons
  2 mummies (Ossuary)
  A worker ant zombie (D:11)
  10 gnolls
  15 adders
  2 shadow imps (D:6)
  2 adder zombies
  An ooze (D:1)
  An adder skeleton (D:3)
  3 worms
  3 dart slugs
  4 leopard geckos
  52 orcs
  A ball python (D:2)
  6 giant cockroaches
  9 goblins
  5 hobgoblins
  29 jackals
  8 kobolds
  5 quokkas
  A ball python skeleton (D:3)
  8 bats
  2 frilled lizards
  A goblin zombie (Ossuary)
  13 hobgoblin zombies (Ossuary)
  A jackal skeleton (D:5)
  6 kobold zombies (Ossuary)
  A leopard gecko skeleton (D:6)
  10 orc zombies (Ossuary)
  A quokka skeleton (D:4)
  A quokka zombie (D:5)
  8 rats
  A rat zombie (Ossuary)
  A withered plant (D:3)
341 creatures vanquished.

Vanquished Creatures (others)
  11 fungi (D:11)
  5 plants (D:11)
16 creatures vanquished.

Grand Total: 357 creatures vanquished

Notes
Turn   | Place    | Note
-------+----------+-------------------------------------------
     0 | D:1      | Deathlysoul the Minotaur Fighter began the quest for the
                  | Orb.
     0 | D:1      | Reached XP level 1. HP: 19/19 MP: 0/0
    68 | D:1      | Reached XP level 2. HP: 19/27 MP: 1/1
   467 | D:1      | Reached skill level 1 in Dodging
   601 | D:1      | Reached XP level 3. HP: 33/33 MP: 2/2
  1237 | D:2      | Reached XP level 4. HP: 26/40 MP: 3/3
  1919 | D:2      | Found a glowing silver altar of Zin.
  1953 | D:2      | Reached XP level 5. HP: 47/47 MP: 4/4
  2201 | D:3      | Found a stormy altar of Qazlal.
  2426 | D:3      | Reached XP level 6. HP: 9/55 MP: 5/5
  2746 | D:3      | Reached skill level 5 in Shields
  2815 | D:3      | Found a white marble altar of Elyvilon.
  2918 | D:3      | Reached skill level 5 in Armour
  3008 | D:3      | Reached skill level 5 in Fighting
  3501 | D:4      | Noticed Natasha
  3511 | D:4      | Killed Natasha
  3549 | D:4      | Found a transporter.
  3550 | D:4      | Noticed AtomicRavioli's ghost (amateur NaVM)
  3554 | D:4      | Found a transporter.
  3555 | D:4      | Identified the +7 dire flail "Jeugoypea" {crush, +Fly
                  | Int+2}
  3594 | D:4      | Found a sand-covered staircase.
  3611 | D:4      | Reached XP level 7. HP: 42/61 MP: 6/6
  3627 | Ossuary  | Entered an ossuary
  3909 | Ossuary  | Reached skill level 5 in Axes
  4220 | D:4      | Noticed Natasha
  4224 | D:4      | Killed Natasha
  4228 | D:4      | Noticed Natasha
  4234 | D:4      | Killed Natasha
  4432 | D:5      | Entered Level 5 of the Dungeon
  4489 | D:5      | Reached XP level 8. HP: 40/70 MP: 7/7
  4641 | D:5      | Noticed Dowan
  4643 | D:5      | Noticed Duvessa
  4651 | D:5      | Killed Dowan
  4654 | D:5      | Killed Duvessa
  5211 | D:5      | Reached skill level 5 in Dodging
  5546 | D:5      | Found a bloodstained altar of Trog.
  5657 | D:6      | Noticed Eustachio
  5660 | D:6      | Noticed a hippogriff
  5668 | D:6      | Killed Eustachio
  5672 | D:6      | Killed a hippogriff
  5672 | D:6      | Reached XP level 9. HP: 35/79 MP: 8/8
  6092 | D:6      | Found a staircase to the Ecumenical Temple.
  6110 | Temple   | Entered the Ecumenical Temple
  6159 | Temple   | Became a worshipper of Warmaster Okawaru
  6504 | D:6      | Found Leimuck's Jewellery Shop.
  6521 | D:6      | Bought a +3 amulet of reflection for 172 gold pieces
  7090 | D:7      | Noticed Joseph
  7111 | D:7      | Killed Joseph
  7111 | D:7      | Reached * piety under Okawaru
  7880 | D:7      | Noticed Harold
  7902 | D:7      | Killed Harold
  7902 | D:7      | Reached ** piety under Okawaru
  7902 | D:7      | Reached XP level 10. HP: 27/90 MP: 9/9
  8505 | D:8      | Found an opulent altar of Gozag.
  9139 | D:9      | Reached *** piety under Okawaru
  9176 | D:9      | Found a hazy altar of Hepliaklqana.
  9176 | D:9      | Found a sacrificial altar of Ru.
  9176 | D:9      | Found a shadowy altar of Dithmenos.
  9258 | D:9      | Found a staircase to the Orcish Mines.
 10467 | D:10     | Entered Level 10 of the Dungeon
 10585 | D:10     | Found an iron altar of Okawaru.
 10605 | D:10     | Noticed a two-headed ogre
 10689 | D:10     | Killed a two-headed ogre
 10689 | D:10     | Reached **** piety under Okawaru
 10978 | D:10     | Reached XP level 11. HP: 83/99 MP: 10/10
 10982 | D:10     | Reached ***** piety under Okawaru
 11076 | D:10     | Reached skill level 10 in Shields
 11101 | D:10     | Reached skill level 10 in Armour
 11558 | D:11     | Reached skill level 10 in Fighting
 11753 | D:11     | Noticed a skeletal warrior
 12131 | D:11     | Noticed a two-headed ogre
 12260 | D:11     | Noticed a skeletal warrior
 12262 | D:11     | Slain by a troll

Levels and vault maps discovered:
D:1:      psy_arrival_conway, layout_basic, palyth_stone_intersect,
          glass_columns_a, minmay_pentomino_s4
D:2:      layout_loops_ring, zin_scriptorium, serial_rivers,
          chequers_serial_rivers_small_3, chequers_serial_rivers_large_b,
          chequers_serial_rivers_micro_e, chequers_serial_rivers_room_a,
          chequers_serial_rivers_micro_d
D:3:      layout_basic, lemuel_crystal_altar, serial_undead, serial_undead_f,
          serial_undead_f, serial_undead_d, serial_undead_f, serial_undead_f,
          chequers_serial_rivers_micro_e, grunt_qazlal_sundering
D:4:      layout_rooms, nicolae_ossuary_entry_monument, gammafunk_ghost_smash,
          uniq_natasha
D:5:      layout_basic, marbit_many_paths, first_ration, kennysheep_flooded_box,
          minmay_manual_mullet, uniq_duvessa
D:6:      layout_loops_cross, minmay_temple_entry_mist, serial_shops, shop,
          serial_glass, glass_columns_a, glass_columns_c, glass_columns_a,
          glass_columns_a, glass_columns_a, glass_columns_a, glass_columns_a,
          glass_columns_a, uniq_eustachio
D:7:      layout_cave_pods, minmay_tree_intersection, uniq_joseph, uniq_harold
D:8:      layout_loops_cross, basic_altar
D:9:      layout_basic, gammafunk_temple_overflow_claw, hiddenorc2_lemuel
D:10:     layout_cave_pods, basic_altar, blue_anna_alchemist
          [blue_anna_fruit_fields, blue_anna_fruit_fields]
D:11:     layout_loops_cross, grunt_lair_entry_orc_guard_hut, minivault_8
Temple:   kb_temple_of_zot

Skill      XL: |  1  2  3  4  5  6  7  8  9 10 11 |
---------------+----------------------------------+-----
Dodging        | 1 2 3 4 5 7 8 |  8.7
Armour         | 4 5 6 7 8 9 10 | 10.3
Fighting       | 4 5 6 7 8 9 10 | 10.2
Shields        | 4 5 6 7 8 9 10 | 10.3
Axes           | 3 4 5 6 8 9 |  9.9

Action                   |  1- 3 |  4- 6 |  7- 9 | 10-12 || total
-------------------------+-------+-------+-------+-------++-------
Melee: War axe           |   103 |   161 |   406 |   398 ||  1068
       Headbutt          |    18 |    31 |    93 |   111 ||   253
  Use: Scroll            |       |       |     7 |    10 ||    17
       Potion            |       |       |       |     1 ||     1
  Eat: Chunk             |     1 |     6 |    13 |    10 ||    30
       Ration            |       |       |     1 |     2 ||     3
Armor: Scale mail        |    56 |    67 |   135 |    58 ||   316
Dodge: Dodged            |    49 |    76 |   150 |   123 ||   398
Block: Shield            |    84 |    91 |   246 |   293 ||   714
       Reflection        |       |       |     4 |     5 ||     9

Table legend:
 A = Non-vault XP
 B = Vault XP
 C = Vault XP percentage of total XP
 D = Non-vault monster count
 E = Vault monster count
 F = Vault count percentage of total count
                 A         B        C        D         E       F
            +---------+---------+-------+---------+---------+-------
      Total |   10935 |    3501 |  24.3 |     243 |      97 |  28.5
            +---------+---------+-------+---------+---------+-------
        D:1 |      75 |       8 |   9.6 |      26 |       4 |  13.3
        D:2 |     113 |       0 |   0.0 |      33 |       0 |   0.0
        D:3 |     218 |     107 |  32.9 |      20 |       6 |  23.1
        D:4 |     377 |      35 |   8.5 |      19 |       1 |   5.0
        D:5 |     533 |     365 |  40.6 |      25 |       8 |  24.2
        D:6 |    1447 |     202 |  12.2 |      36 |       1 |   2.7
        D:7 |     721 |    1463 |  67.0 |      16 |       2 |  11.1
        D:8 |    1195 |       0 |   0.0 |      24 |       0 |   0.0
        D:9 |    1003 |     579 |  36.6 |      11 |      32 |  74.4
       D:10 |    3589 |     100 |   2.7 |      19 |       1 |   5.0
       D:11 |    1664 |     346 |  17.2 |      14 |       3 |  17.6
    Ossuary |       0 |     296 | 100.0 |       0 |      39 | 100.0
            +---------+---------+-------+---------+---------+-------
